 Dungeon Crawl Stone Soup version 0.25.1-2-g60ff931df9 (webtiles) character file.

Game seed: 2280935602310946243

13282 MajorAdolf the Unseen (level 12, -1/109 HPs)
             Began as a Naga Wanderer on Oct 6, 2020.
             Was an Initiate of Gozag.
             Slain by an eight-headed hydra (7 damage)
             ... on level 10 of the Dungeon on Oct 7, 2020.
             The game lasted 00:40:26 (21551 turns).

MajorAdolf the Unseen (Naga Wanderer)              Turns: 21551, Time: 00:40:28

Health: -1/109     AC:  9    Str: 17    XL:     12   Next: 4%
Magic:  15/15      EV:  9    Int: 14    God:    Gozag
Gold:   256        SH: 10    Dex: 12    Spells: 9/16 levels left

rFire    + . .     SeeInvis +   N - +2 war axe
rCold    . . .     Gourm    .   s - +0 kite shield
rNeg     . . .     Faith    .   y - +2 robe {rF+}
rPois    +         Spirit   .   x - +0 helmet
rElec    .         Reflect  .   (no cloak)
rCorr    .         Harm     .   q - +0 pair of gloves
MR       +....                  (no barding)
Stlth    ++++++....             K - amulet of regeneration
HPRegen  0.68/turn              (no ring)
MPRegen  0.14/turn              (no ring)

@: very slow
A: large, see invisible, deformed body, poison resistance, slowness 2, slow
metabolism 1, spit poison 1, AC +4
a: Spit Poison, Potion Petition, Call Merchant, Bribe Branch, Renounce Religion


You were on level 10 of the Dungeon.
You worshipped Gozag.
Gozag was aware of your devotion.
You were hungry.

You visited 4 branches of the dungeon, and saw 14 of its levels.
You also visited: Sewer.

You collected 1882 gold pieces.
You spent 769 gold pieces at shops.
You paid 857 gold pieces to Gozag.

Inventory:

Hand Weapons
 a - a +2 spear
 c - a +0 broad axe
 e - a +3 dagger of venom
 h - the +1 flail of Foul Odors {pain, rPois MR++ Str+2 Int+3}
   (You found it on level 5 of the Dungeon)

   In the hands of one skilled in necromantic magic, it inflicts extra damage on
   living creatures.
   It affects your strength (+2).
   It affects your intelligence (+3).
   It protects you from poison.
   It affects your resistance to hostile enchantments.
 r - a cursed -1 hand axe
 v - a +0 falchion of holy wrath
 z - a +0 war axe of pain
 A - a +1 vorpal hand axe
 N - a +2 war axe (weapon)
Missiles
 m - 35 poisoned darts (quivered)
Armour
 q - a +0 pair of gloves (worn)
 s - a +0 kite shield (worn)
 x - a +0 helmet (worn)
 y - a +2 robe of fire resistance (worn)
 H - +2 steam dragon scales
Magical Staves
 O - an uncursed staff of earth {unknown}
Jewellery
 K - an amulet of regeneration (around neck)
 M - an uncursed amulet of the acrobat
Wands
 d - a wand of random effects (37)
 u - a wand of iceblast (2)
 L - a wand of enslavement (6)
 Q - a wand of flame (22)
 T - a wand of paralysis (8)
Scrolls
 j - 5 scrolls of blinking
 l - 7 scrolls of remove curse
 t - a scroll of amnesia
 P - a scroll of random uselessness
 S - a scroll of identify
Potions
 b - 7 potions of curing
 g - 2 potions of resistance
 i - a potion of cancellation
 k - 2 potions of might {unknown}
 n - 2 potions of heal wounds
 o - 2 potions of ambrosia
 w - 2 potions of flight {unknown}
 B - a potion of brilliance {unknown}
 C - a potion of berserk rage {unknown}
 D - 2 potions of magic {unknown}
 E - a potion of mutation {unknown}
 F - a potion of invisibility {unknown}
 I - 3 potions of stabbing {unknown}
 J - 2 potions of lignification
Comestibles
 f - 17 rations


   Skills:
 - Level 7.3 Fighting
 + Level 8.2(8.3) Axes
 - Level 1.0(5.2) Polearms
 - Level 1.0 Throwing
 - Level 1.0 Dodging
 + Level 15.3 Stealth
 * Level 7.6 Shields
 - Level 2.5 Spellcasting
 - Level 2.9 Conjurations
 - Level 2.9 Summonings
 - Level 3.0 Translocations
 - Level 2.8 Fire Magic
 + Level 4.5 Evocations


You had 9 spell levels left.
You knew the following spells:

 Your Spells              Type           Power        Failure   Level  Hunger
a - Blink                 Tloc           N/A          13%         2    ###....
b - Call Imp              Summ           ##......     13%         2    ###....
c - Conjure Flame         Conj/Fire      #.......     26%         3    ###....

Your spell library contained the following spells:

 Spells                   Type           Power        Failure   Level  Hunger
 Magic Dart               Conj           ##..         9%          1    #......
 Gell's Gravitas          Tloc           ##........   26%         3    ###....
 Beastly Appendage        Tmut           #.....       30%         1    #......
 Slow                     Hex            #.......     41%         2    ###....
 Sticks to Snakes         Tmut           #.......     41%         2    ###....
 Mephitic Cloud           Conj/Pois/Air  #.......     52%         3    ###....
 Confusing Touch          Hex            #.......     65%         3    ###....
 Spider Form              Tmut/Pois      #.........   65%         3    ###....
 Ice Form                 Ice/Tmut       #.......     96%         4    #####..
 Petrify                  Tmut/Erth      #.......     96%         4    #####..
 Blade Hands              Tmut           #.........   100%        5    ######.
 Metabolic Englaciation   Hex/Ice        #.........   100%        5    ######.
 Yara's Violent Unravell  Hex/Tmut       #.........   100%        5    ######.


Dungeon Overview and Level Annotations

Branches:
Dungeon (11/15)            Temple (1/1) D:6            Lair (1/6) D:9
    Orc (1/2) D:10          Sewer (visited)

Altars:
Ashenzari
Cheibriados
Dithmenos
Elyvilon
Fedhas
Gozag
Hepliaklqana
Kikubaaqudgha
Makhleb
Nemelex Xobeh
Okawaru
Qazlal
Ru
Sif Muna
Trog
Uskayaw
Vehumet
Wu Jian
Xom
Yredelemnul
Zin
The Shining One

Shops:
D:5 !=*[(   D:7 [:   D:9 }   D:10 !


Innate Abilities, Weirdness & Mutations

You cannot wear boots.
Your serpentine skin is tough. (AC +4)
You have supernaturally acute eyesight. (SInv)
Armour fits poorly on your strangely shaped body.
Your system is resistant to poisons. (rPois)
You cover ground very slowly.
You have a slow metabolism.
You can spit poison.


Message History

The eight-headed hydra bites you. The eight-headed hydra bites you!
* * * LOW HITPOINT WARNING * * *
The eight-headed hydra bites you!
* * * LOW HITPOINT WARNING * * *
The eight-headed hydra barely misses you.
You block the eight-headed hydra's attack.
The eight-headed hydra bites you but does no damage. x2
You feel much better.
The eight-headed hydra bites you but does no damage.
You block the eight-headed hydra's attack.
The eight-headed hydra bites you!
* * * LOW HITPOINT WARNING * * *
The eight-headed hydra bites you.
* * * LOW HITPOINT WARNING * * *
The eight-headed hydra barely misses you.
The eight-headed hydra bites you!
* * * LOW HITPOINT WARNING * * *
The eight-headed hydra bites you!
You die...
Your body crumbles into a pile of gold.

.......##..# #........#
.......##..# #........#
.......##..# #........#
.......##..# #...<....#
.......##..# #..[.....#
.......##..####........#
.......##.....[........#
..(....##..............#
.......##.......@D.....#
.......##.........####.#
.......##.........# #.#
##................# #.#
.#................# #.#
.#.....##.........# #.#
.#.....##.........# #.#
.#.....##.........# #.#
.#..(..##.........# #.#


You could see an eight-headed hydra.

Vanquished Creatures
  Snorg (D:10)
  A death knight (D:10)
  A two-headed ogre (D:8)
  Urug (D:10)
  Nergalle (D:10)
  Maurice (D:10)
  Maggie (D:7)
  Grinder (D:4)
  2 trolls
  A hornet (D:8)
  2 hippogriffs
  A wraith (D:10)
  A shadow (D:11)
  2 wyverns
  Grum (D:8)
  6 yaks
  Edmund (D:5)
  2 water moccasins
  4 porcupines
  Duvessa (D:5)
  5 sky beasts
  2 ice beasts
  Purgy (Sewer)
  A black bear (D:9)
  A phantom (D:5)
  6 orc warriors
  6 ogres
  4 wolves (D:8)
  3 eyes of draining (D:6)
  3 crocodiles (D:9)
  2 centaurs
  A big kobold (D:9)
  4 bullfrogs
  A wyvern zombie (D:9)
  Dowan (D:5)
  2 scorpions
  A killer bee (D:11)
  5 wights
  6 howler monkeys
  2 bullfrog zombies
  6 crimson imps
  A centaur zombie (D:7)
  A quasit (D:6)
  5 jellies
  7 orc priests
  6 hounds
  2 centaur skeletons
  Natasha (thrice) (D:4)
  2 iguanas
  8 orc wizards
  9 worker ants
  A hound zombie (D:6)
  4 hound skeletons
  A worker ant zombie (D:8)
  Robin (D:3)
  15 adders
  A gnoll (D:1)
  A river rat (D:6)
  2 shadow imps
  An ooze (D:2)
  An adder zombie (D:5)
  7 worms
  An adder skeleton (D:4)
  4 dart slugs (D:1)
  5 leopard geckos
  40 orcs
  6 ball pythons
  12 bats
  5 giant cockroaches
  17 goblins
  15 hobgoblins
  23 jackals
  3 quokkas
  4 frilled lizards
  9 kobolds
  A leopard gecko skeleton (D:4)
  12 rats
331 creatures vanquished.

Vanquished Creatures (others)
  2 fungi (D:9)
  13 plants (D:9)
  4 toadstools (D:9)
19 creatures vanquished.

Grand Total: 350 creatures vanquished

Notes
Turn   | Place    | Note
-------+----------+-------------------------------------------
     0 | D:1      | MajorAdolf the Naga Wanderer began the quest for the Orb.
     0 | D:1      | MajorAdolf set off with the following items: a +2 spear, a
                  | potion of curing, a scroll of teleportation, a +0 robe, a
                  | +0 dagger, a ration
     0 | D:1      | Reached XP level 1. HP: 18/18 MP: 1/1
   207 | D:1      | Reached XP level 2. HP: 10/25 MP: 2/2
   211 | D:1      | Reached skill level 8 in Stealth
   845 | D:1      | Reached XP level 3. HP: 27/31 MP: 3/3
  1525 | D:1      | Reached skill level 9 in Stealth
  1956 | D:1      | Reached XP level 4. HP: 38/38 MP: 4/4
  2789 | D:2      | Reached skill level 10 in Stealth
  2891 | D:2      | Found a shadowy altar of Dithmenos.
  2892 | D:2      | Found a burning altar of Makhleb.
  3331 | D:3      | Reached XP level 5. HP: 43/44 MP: 5/5
  3999 | D:3      | Reached skill level 1 in Axes
  4901 | D:3      | Reached XP level 6. HP: 43/52 MP: 6/6
  5548 | D:4      | Noticed Robin
  6018 | D:3      | Killed Robin
  6267 | D:4      | Noticed Natasha
  6281 | D:4      | Killed Natasha
  6281 | D:4      | Reached skill level 11 in Stealth
  6300 | D:4      | Noticed Natasha
  6310 | D:4      | Killed Natasha
  6658 | D:4      | Reached XP level 7. HP: 62/62 MP: 7/7
  6662 | D:4      | Found a hide-covered altar of Uskayaw.
  6742 | D:4      | Noticed Natasha
  6752 | D:4      | Killed Natasha
  6879 | D:4      | Found a blossoming altar of Fedhas.
  6954 | D:4      | Noticed Grinder
  7189 | D:5      | Entered Level 5 of the Dungeon
  7190 | D:5      | Noticed Edmund
  7625 | D:5      | Found Baymy's General Store.
  7632 | D:5      | Bought a scroll of identify for 28 gold pieces
  8003 | D:5      | Reached XP level 8. HP: 37/72 MP: 8/8
  8232 | D:5      | Found Emnaatienk's Distillery.
  8260 | D:5      | Got a pitted flail
  8743 | D:5      | Found Naoschol's Jewellery Boutique.
  8905 | D:5      | Reached skill level 12 in Stealth
  9240 | D:5      | Found Ushravvo's Weapon Emporium.
  9246 | D:5      | Noticed Duvessa
  9246 | D:5      | Noticed Dowan
  9282 | D:5      | Killed Duvessa
  9294 | D:5      | Killed Dowan
  9294 | D:5      | Reached skill level 5 in Fighting
  9732 | D:5      | Found a shimmering altar of Xom.
  9733 | D:5      | Found a shimmering altar of Xom.
  9778 | D:5      | Reached skill level 5 in Axes
  9807 | D:5      | Found a shimmering altar of Xom.
  9807 | D:5      | Found a shimmering altar of Xom.
  9808 | D:5      | Found a shimmering altar of Xom.
  9808 | D:5      | Found a shimmering altar of Xom.
  9808 | D:5      | Found a shimmering altar of Xom.
 10015 | D:5      | Reached skill level 1 in Shields
 10331 | D:5      | Found Gyemeopn's Armour Shop.
 10868 | D:5      | Killed Edmund
 10868 | D:5      | Reached XP level 9. HP: 81/81 MP: 9/9
 10917 | D:4      | Paralysed by Grinder for 3 turns
 10922 | D:4      | Paralysed by Grinder for 2 turns
 10933 | D:4      | Paralysed by Grinder for 4 turns
 10940 | D:4      | Killed Grinder
 10940 | D:4      | Reached skill level 13 in Stealth
 11159 | D:6      | Learned a level 2 spell: Blink
 11179 | D:6      | Identified the cursed +1 flail of Foul Odors {pain, rPois
                  | MR++ Str+2 Int+3} (You found it on level 5 of the Dungeon)
 11288 | D:6      | Found a white marble altar of Elyvilon.
 11338 | D:6      | Found a glowing drain.
 11347 | Sewer    | Entered a sewer
 11384 | Sewer    | Noticed Purgy
 11399 | Sewer    | Killed Purgy
 11595 | D:6      | Found a white marble altar of Elyvilon.
 12076 | D:6      | Learned a level 2 spell: Call Imp
 12080 | D:6      | Learned a level 3 spell: Conjure Flame
 12204 | D:6      | Found a bloodstained altar of Trog.
 12244 | D:6      | Reached skill level 1 in Conjurations
 12244 | D:6      | Reached skill level 1 in Summonings
 12244 | D:6      | Reached skill level 1 in Translocations
 12244 | D:6      | Reached skill level 1 in Fire Magic
 12436 | D:6      | Reached skill level 1 in Spellcasting
 12718 | D:6      | Found a staircase to the Ecumenical Temple.
 12937 | Temple   | Entered the Ecumenical Temple
 13101 | Temple   | Became a worshipper of Gozag Ym Sagoz the Greedy
 13372 | D:7      | Noticed Maggie
 13653 | D:7      | Killed Maggie
 13853 | D:7      | Reached XP level 10. HP: 55/92 MP: 10/12
 14113 | D:7      | Found Agaim's Armour Shoppe.
 14587 | D:7      | Found Neget's Book Shop.
 14923 | D:5      | Bought an uncursed amulet of regeneration for 330 gold
                  | pieces
 15107 | D:8      | Noticed a two-headed ogre
 15134 | D:8      | Killed a two-headed ogre
 15202 | D:8      | Noticed Grum
 15443 | D:8      | Killed Grum
 15753 | D:8      | Reached skill level 5 in Shields
 16436 | D:8      | Reached skill level 14 in Stealth
 17076 | D:9      | Reached XP level 11. HP: 83/100 MP: 14/14
 17351 | D:8      | Found a hazy altar of Hepliaklqana.
 17446 | D:9      | Found a staircase to the Lair.
 17544 | D:10     | Entered Level 10 of the Dungeon
 17546 | D:10     | HP: 3/100 [yak (10)]
 18764 | D:10     | Noticed Urug
 18851 | Lair:1   | Entered Level 1 of the Lair of Beasts
 19092 | D:9      | Bought a wand of disintegration (8) for 180 gold pieces
 19119 | D:10     | Noticed Maurice
 19150 | D:10     | Found Rejelusm's Distillery.
 19217 | D:10     | Found a staircase to the Orcish Mines.
 19236 | D:10     | Killed Maurice
 19284 | D:10     | Bought a potion of lignification for 33 gold pieces
 19284 | D:10     | Bought a potion of lignification for 33 gold pieces
 19293 | D:10     | Killed Urug
 19490 | D:10     | Noticed Nergalle
 19517 | D:10     | Killed Nergalle
 19769 | D:10     | Noticed Snorg
 19780 | D:10     | Killed Snorg
 19780 | D:10     | Reached skill level 15 in Stealth
 20162 | D:9      | Bought a wand of paralysis (7) for 135 gold pieces
 20162 | D:9      | Bought a wand of flame (2) for 30 gold pieces
 20333 | Orc:1    | Entered Level 1 of the Orcish Mines
 21123 | D:11     | Noticed a flayed ghost
 21124 | D:11     | Noticed a tengu warrior
 21124 | D:11     | Noticed an eight-headed hydra
 21125 | D:11     | Noticed a red ugly thing
 21125 | D:11     | Noticed a death knight
 21127 | D:11     | Noticed a cyclops
 21131 | D:11     | Noticed a cyclops
 21207 | D:11     | Noticed an unseen horror
 21477 | D:10     | Killed a death knight
 21477 | D:10     | Reached XP level 12. HP: 109/109 MP: 15/15
 21551 | D:10     | Slain by an eight-headed hydra

Illustrated notes

Levels and vault maps discovered:
D:1:      sevenhm_arrival_forest_fort_large_2, layout_loops_ring,
          due_unseen_surprise
D:2:      lemuel_upstairs_altar, layout_basic, gammafunk_temple_overflow_pools
D:3:      layout_basic, first_ration, st_stairs_10
D:4:      layout_rooms, eat_drink_and_be_merry_uskayaw, lemuel_round_altar,
          uniq_natasha, uniq_robin, uniq_grinder
D:5:      layout_basic, serial_corexii_hall, corexii_hall_statues_deadend,
          corexii_hall_statues_t, corexii_hall_statues_deadend,
          corexii_hall_statues_u, serial_shops, kennysheep_little_box,
          nicolae_shop_competitors_out_of_business, shop, kennysheep_mini, shop,
          minmay_misc_feat_secret_circle, xom_redecorated, uniq_duvessa,
          uniq_edmund
D:6:      layout_basic, trog_eyes_of_draining, lemuel_doored_altar,
          minmay_temple_entry_fiery, lightli_sewer_entry_pipes, basic_altar
D:7:      layout_basic, serial_shops, nicolae_shop_behind_doors,
          kennysheep_mini_moat, uniq_maggie
D:8:      layout_loops_ring, nicolae_overflow_hidden_temple, uniq_grum
D:9:      minmay_thinvault, layout_loops_ring, minmay_lair_entry_grove,
          blue_anna_alchemist [blue_anna_fruit_fields, blue_anna_fruit_fields],
          chequers_serial_rivers_marsh, minmay_gold_behind_fungi
D:10:     layout_long_grid, orc_0_dummy, serial_shops, nicolae_shop_crystal,
          kennysheep_pointless_box, uniq_snorg, uniq_nergalle, uniq_maurice,
          uniq_urug
D:11:     minmay_the_grid_square_5x5_4x4_mashed
          [minmay_the_grid_square_5x5_tetrominoes,
          minmay_the_grid_square_5x5_spiral, minmay_the_grid_square_5x5_bridge,
          minmay_the_grid_square_5x5_hourglass, minmay_the_grid_square_5x5_n,
          minmay_the_grid_square_5x5_prize_itemx,
          minmay_the_grid_square_5x5_prize_open, minmay_the_grid_square_5x5_meh,
          minmay_the_grid_square_5x5_three,
          minmay_the_grid_square_5x5_prize_monsterx,
          minmay_the_grid_square_5x5_prize_junk,
          minmay_the_grid_square_5x5_eight, minmay_the_grid_square_5x5_v,
          minmay_the_grid_square_5x5_almost_minimal,
          minmay_the_grid_square_5x5_c, minmay_the_grid_square_5x5_inset],
          layout_cross
Temple:   regret_index_temple_waves
Lair:1:   layout_gridlike, infiniplex_staircase_pool, serial_bayou_shore_a
Orc:1:    layout_caves, lightli_orcish_oven

Skill      XL: |  1  2  3  4  5  6  7  8  9 10 11 |
---------------+----------------------------------+-----
Stealth        | 8 9 10 11 12 13 14 15 | 15.3
Axes           | 1 2 4 5 6 8 |  8.2
Fighting       | 2 3 4 5 6 7 |  7.3
Shields        | 2 4 5 7 |  7.6
Conjurations   | 1 2 |  2.9
Summonings     | 1 2 |  2.9
Translocations | 1 3 |  3.0
Fire Magic     | 1 2 |  2.8
Spellcasting   | 1 2 |  2.5
Evocations     | 4 |  4.5
Polearms       | |  1.0
Throwing       | |  1.0
Dodging        | |  1.0

Action                   |  1- 3 |  4- 6 |  7- 9 | 10-12 || total
-------------------------+-------+-------+-------+-------++-------
Melee: Spear             |   103 |   284 |    47 |       ||   434
       Falchion          |       |     6 |    50 |    14 ||    70
       Dagger            |       |       |   436 |   268 ||   704
       Flail             |       |       |    24 |       ||    24
       War axe           |       |       |       |   323 ||   323
Throw: Dart              |       |    21 |    12 |       ||    33
 Cast: Blink             |       |       |       |     3 ||     3
Invok: Potion Petition   |       |       |       |     1 ||     1
       Call Merchant     |       |       |       |     1 ||     1
 Abil: Spit Poison       |     5 |    22 |    13 |     6 ||    46
Evoke: Wand              |       |       |     6 |    35 ||    41
  Use: Scroll            |       |       |    14 |    12 ||    26
       Potion            |       |       |     2 |     6 ||     8
 Stab: Sleeping          |     7 |     9 |    22 |    28 ||    66
       Distracted        |       |       |       |     5 ||     5
       Paralysed         |       |       |       |     9 ||     9
  Eat: Chunk             |     2 |    13 |    17 |       ||    32
       Ration            |       |       |     1 |     6 ||     7
Armor: Robe              |    13 |    76 |   138 |   149 ||   376
       Animal skin       |       |    30 |    86 |       ||   116
       Steam dragon scal |       |       |     4 |     7 ||    11
       Skin              |       |       |       |     4 ||     4
Dodge: Dodged            |    40 |   143 |   204 |   187 ||   574
Block: Kite shield       |       |       |   143 |   325 ||   468
       Rpst.: Falchion   |       |     2 |    14 |     2 ||    18
